 Dungeon Crawl Stone Soup version 0.20.0-15-g7f486f2 (webtiles) character file.

24885 Chiseanne the Demolition Demonspawn (level 12, -1/81 HPs)
             Began as a Demonspawn Wanderer on June 25, 2017.
             Was an Elder of Makhleb.
             Slain by a death yak (39 damage)
             ... on level 5 of the Lair of Beasts.
             The game lasted 00:41:20 (17480 turns).

Chiseanne the Demolition Demonspawn (DsWn)         Turns: 17480, Time: 00:41:20

Health: -1/81      AC: 21    Str: 16    XL:     12   Next: 84%
Magic:  23/23      EV: 11    Int: 15    God:    Makhleb [****..]
Gold:   876        SH:  0    Dex: 16    Spells: 13/15 levels left

rFire    . . .     SeeInvis .   a - +3 broad axe (protect)
rCold    + . .     Gourm    .   (no shield)
rNeg     . . .     Faith    .   m - +7 Kryia's mail coat {PotionHeal*2 rC+}
rPois    +         Spirit   .   r - +1 hat {Int+3}
rElec    .         Reflect  .   h - +1 cloak
rCorr    .         Harm     .   (no gloves)
MR       .....                  (boots unavailable)
Stlth    ..........             P - amulet of rage
Regen    0.3/turn               D - ring of flight
MPRegen  0.2/turn               T - ring of poison resistance

@: sleeping
A: hooves 3, thin metallic scales 1, demonic guardian 1, powered by death 2
a: Minor Destruction, Lesser Servant of Makhleb, Major Destruction, Renounce
Religion, Evoke Berserk Rage, Evoke Flight


You were on level 5 of the Lair of Beasts.
You worshipped Makhleb.
Makhleb was greatly pleased with you.
You were not hungry.

You visited 2 branches of the dungeon, and saw 15 of its levels.

You collected 876 gold pieces.

Inventory:

Hand Weapons
 a - a +3 broad axe of protection (weapon)
 s - the +5 mace "Xetohot" {protect, rElec rC+++ MR- SInv}
   (You found it on level 4 of the Dungeon)

   It protects the one who uses it against injury (+AC on strike).
   It renders you almost immune to cold.
   It insulates you from electricity.
   It affects your resistance to hostile enchantments.
   It lets you see invisible.
 w - a +2 blowgun
 U - a +1 scimitar of flaming
Missiles
 e - 127 bolts
 j - 166 sling bullets
 l - 55 poisoned needles
 n - 168 arrows
 q - 10 curare-tipped needles
 u - 6 needles of confusion
Armour
 h - a +1 cloak (worn)
 m - the +7 Kryia's mail coat (worn) {PotionHeal*2 rC+}
   (You found it on level 4 of the Dungeon)

   It protects you from cold.
 r - a +1 hat of intelligence (worn)
Magical Staves
 W - an uncursed staff of wizardry
Jewellery
 D - a ring of flight (left hand)
 P - an amulet of rage (around neck)
 T - a ring of poison resistance (right hand)
Wands
 y - a wand of confusion (28/48)
 F - a wand of iceblast (7/15)
 K - a wand of digging (5/24)
 Q - a wand of lightning (3/15)
Scrolls
 b - 2 scrolls of recharging
 g - a scroll of magic mapping
 t - 3 scrolls of amnesia
 x - 3 scrolls of fog
 A - 4 scrolls of teleportation
 E - 7 scrolls of remove curse
 L - 4 scrolls of fear
 V - a scroll of immolation
 Y - a scroll of summoning
 Z - 2 scrolls of identify
Potions
 d - a potion of haste
 i - 2 potions of ambrosia {unknown}
 k - 3 potions of brilliance
 v - 2 potions of mutation
 z - 3 potions of flight {unknown}
 B - 3 potions of might
 C - a potion of heal wounds
 I - 4 potions of invisibility {unknown}
 M - 3 potions of magic {unknown}
 N - a potion of resistance
 O - a potion of lignification {unknown}
 R - 2 potions of curing {unknown}
 X - a potion of cancellation {unknown}
Books
 c - a book of Geomancy

   Spells                             Type                      Level
   a - Sandblast                      Earth                        1
   b - Passwall                       Transmutation/Earth          2
   c - Stone Arrow                    Conjuration/Earth            3
   d - Petrify                        Transmutation/Earth          4
   e - Lee's Rapid Deconstruction     Earth                        5
 G - a book of Air

   Spells                             Type                      Level
   a - Shock                          Conjuration/Air              1
   b - Swiftness                      Charms/Air                   2
   c - Static Discharge               Conjuration/Air              3
   d - Airstrike                      Air                          4
   e - Lightning Bolt                 Conjuration/Air              5
 H - a book of the Earth

   Spells                             Type                      Level
   a - Leda's Liquefaction            Hexes/Earth                  4
   b - Bolt of Magma                  Conjuration/Fire/Earth       5
   c - Statue Form                    Transmutation/Earth          6
   d - Iron Shot                      Conjuration/Earth            6
   e - Shatter                        Earth                        9
 S - a book of Maledictions

   Spells                             Type                      Level
   a - Corona                         Hexes                        1
   b - Ensorcelled Hibernation        Hexes/Ice                    2
   c - Confuse                        Hexes                        3
   d - Tukima's Dance                 Hexes                        3
   e - Dazzling Spray                 Conjuration/Hexes            3
Comestibles
 f - 11 bread rations
 o - 6 meat rations
 p - 52 fruits
 J - a chunk of flesh


   Skills:
 - Level 3.2 Fighting
 * Level 11.3 Axes
 - Level 1.3 Throwing
 * Level 11.5 Armour
 - Level 2.0 Dodging
 - Level 1.0 Stealth
   Level 1.0 Shields
 - Level 1.7 Unarmed Combat
 - Level 2.0 Spellcasting
   Level 1.0 Transmutations
 * Level 15.1 Invocations


You had 13 spell levels left.
You knew the following spells:

 Your Spells              Type           Power        Failure   Level  Hunger
a - Blink                 Tloc           N/A          65%         2    ###....


Dungeon Overview and Level Annotations

Branches:
Dungeon (10/15)            Temple (0/1) D:4            Lair (5/6) D:10
  Swamp (0/4) Lair:2       Spider (0/4) Lair:4          Orc (0/2) D:9
  Slime: Lair:5-6

Altars:
Dithmenos
Elyvilon
Makhleb
Okawaru
Sif Muna
Trog
Xom
Yredelemnul

Annotations:
D:7 exclusion: door
Lair:1 Sonja


Innate Abilities, Weirdness & Mutations

You have hooves in place of feet.
You are partially covered in thin metallic scales. (AC +2)
A weak demonic guardian rushes to your aid.
You regenerate health from kills.


Message History

The death yak twists and deforms.
You swap places.
Your ufetubus hits the death yak.
Your ufetubus closely misses the death yak.
As the sheep sparkle and sway, your neqoxec falls asleep.
The dream sheep barely misses your quasit.
The death yak gores your neqoxec!!
Your neqoxec dies!
Your quasit disappears in a puff of smoke!
Your white imp disappears in a puff of smoke!
Your ufetubus disappears in a puff of smoke!
The dream sheep shake their wool and sparkle.
You feel drowsy...
You fall asleep.
Your ufetubus hits the dream sheep.
Your ufetubus barely misses the dream sheep.
The death yak gores you but does no damage.
Your ufetubus hits the dream sheep.
Your ufetubus closely misses the dream sheep.
The dream sheep bites you but does no damage.
The death yak gores you!!!
You die...

.............####..#
..............##...#
(............#.#...###
....................P###.
.........................
#.#............†......#
###................P#.#
##................## .#
.............@....###=.#
............YY5P#.P..##
..........YY.........
###.P#.#..#.Y##..#.
#.##.####YY.# ## .. ##
##.S# #. #....# ..
##:Y.### .### P.....#


You could see 2 death yaks, a water moccasin, 6 dream sheep and a friendly
ufetubus.

Vanquished Creatures
  Gastronok (D:9)
  Erica (D:9)
  2 two-headed ogres
  The ghost of koelner the Tainter, a novice DsVM of Nemelex Xobeh (D:10)
  Nergalle (D:10)
  An unseen horror (D:10)
  3 elephants (Lair:2)
  3 black mambas
  Joseph (D:9)
  4 spiny frogs
  A rime drake (Lair:2)
  4 jumping spiders (Lair:4)
  3 blink frogs (Lair:3)
  3 hippogriffs
  3 redbacks (Lair:4)
  4 yaks (Lair:2)
  2 wyverns
  Grum (D:8)
  A basilisk (Lair:1)
  9 porcupines
  10 water moccasins
  A sky beast (D:7)
  2 orc warriors
  2 black bears
  A necrophage (D:8)
  4 phantoms
  3 ice beasts
  4 ogres
  2 centaurs
  29 wolves
  7 crocodiles
  2 big kobolds
  12 bullfrogs
  Blork the orc (D:6)
  The ghost of Chiseanne the Ducker, an amateur SpWr of Gozag (D:3)
  2 gnoll sergeants (D:9)
  5 killer bees (D:10)
  2 scorpions
  3 howler monkeys (D:7)
  5 electric eels (D:9)
  5 crimson imps
  A bullfrog zombie (D:5)
  2 quasits (D:9)
  5 hounds
  2 jellies
  3 gnoll shamans (D:9)
  3 orc priests
  2 centaur skeletons
  7 orc wizards
  4 iguanas
  3 worker ants
  19 gnolls
  15 adders
  A shadow imp (D:8)
  2 oozes (D:3)
  An adder zombie (D:8)
  An adder skeleton (D:4)
  3 worms
  A dart slug (D:2)
  2 leopard geckos
  29 orcs
  3 giant cockroaches
  4 goblins
  12 hobgoblins
  23 jackals
  15 kobolds
  6 quokkas
  2 ball pythons
  14 bats
  8 frilled lizards
  2 jackal skeletons (D:8)
  A leopard gecko skeleton (D:6)
  A quokka zombie (D:6)
  4 rats
  2 plants
355 creatures vanquished.

Vanquished Creatures (collateral kills)
  Rupert (Lair:5)
  A hydra (Lair:1)
  2 death yaks (Lair:5)
  A fire crab (Lair:4)
  2 elephants (Lair:2)
  A blink frog (Lair:3)
  A hippogriff (D:8)
  A dream sheep (Lair:5)
  A yak (Lair:2)
  A porcupine (Lair:2)
  A water moccasin (Lair:5)
  A phantom (D:6)
  2 wolves (Lair:4)
  2 bullfrogs
  A crimson imp (D:10)
  A hound (D:9)
  An orc wizard (D:6)
  An orc priest (D:6)
  A gnoll (D:9)
  A leopard gecko (D:9)
  2 orcs
  A fungus (Lair:1)
27 creatures vanquished.

Vanquished Creatures (others)
  An electric eel (D:9)
  A worker ant (D:9)
  3 fungi
  2 plants (Lair:3)
7 creatures vanquished.

Grand Total: 389 creatures vanquished

Notes
Turn   | Place    | Note
-------+----------+-------------------------------------------
     0 | D:1      | Chiseanne the Demonspawn Wanderer began the quest for the Orb.
     0 | D:1      | Chiseanne set off with: 4 curare-tipped needles, a +2 blowgun, the Catalogue of the Final Wars, the Grimoire of Snow, a +0 robe, a bread ration
     0 | D:1      | Reached XP level 1. HP: 16/16 MP: 3/3
     0 | D:1      | Identified the Catalogue of the Final Wars
     0 | D:1      | Identified the Grimoire of Snow
   437 | D:1      | Gained mutation: You regenerate a little health from kills. [demonic ancestry]
   437 | D:1      | Reached XP level 2. HP: 14/23 MP: 5/5
   637 | D:1      | Reached skill level 1 in Dodging
  1269 | D:2      | Gained mutation: You have large cloven feet. [demonic ancestry]
  1269 | D:2      | Reached XP level 3. HP: 28/28 MP: 6/6
  2399 | D:2      | Gained mutation: You regenerate health from kills. [demonic ancestry]
  2399 | D:2      | Reached XP level 4. HP: 31/35 MP: 7/7
  2404 | D:2      | Reached skill level 1 in Armour
  2404 | D:2      | Reached skill level 1 in Axes
  2505 | D:2      | Found a basalt altar of Yredelemnul.
  2516 | D:2      | Found a bloodstained altar of Trog.
  2527 | D:2      | Found a burning altar of Makhleb.
  2531 | D:2      | Became a worshipper of Makhleb the Destroyer
  2551 | D:2      | Found a shadowy altar of Dithmenos.
  3268 | D:3      | Noticed Chiseanne's ghost (amateur SpWr)
  3554 | D:4      | Noticed an ogre
  3561 | D:4      | Killed an ogre
  3561 | D:4      | Reached skill level 2 in Invocations
  3561 | D:4      | Gained mutation: You have hoof-like feet. [demonic ancestry]
  3561 | D:4      | Reached XP level 5. HP: 41/41 MP: 8/8
  3797 | D:4      | Gained mutation: You are partially covered in thin metallic scales. (AC +2) [demonic ancestry]
  3797 | D:4      | Reached XP level 6. HP: 47/47 MP: 9/9
  3871 | D:4      | Got a slimy mace
  3880 | D:4      | Identified the +5 mace "Xetohot" {protect, rElec rC+++ MR- SInv} (You found it on level 4 of the Dungeon)
  3921 | D:4      | Found a staircase to the Ecumenical Temple.
  3939 | D:4      | Reached skill level 3 in Invocations
  3978 | D:4      | Reached * piety under Makhleb
  4486 | D:3      | Killed Chiseanne's ghost
  4536 | D:3      | Reached skill level 4 in Invocations
  4816 | D:5      | Entered Level 5 of the Dungeon
  4952 | D:5      | Reached XP level 7. HP: 40/52 MP: 10/10
  5591 | D:5      | Reached skill level 5 in Invocations
  6193 | D:6      | Reached skill level 6 in Invocations
  6193 | D:6      | Gained mutation: A weak demonic guardian rushes to your aid. [demonic ancestry]
  6193 | D:6      | Reached XP level 8. HP: 37/58 MP: 12/12
  6396 | D:6      | Reached ** piety under Makhleb
  6555 | D:6      | Noticed Blork the orc
  6567 | D:6      | Killed Blork the orc
  6582 | D:6      | Reached skill level 5 in Armour
  6900 | D:7      | Reached skill level 5 in Axes
  6900 | D:7      | Reached skill level 7 in Invocations
  7378 | D:7      | Found a deep blue altar of Sif Muna.
  7868 | D:7      | Gained mutation: You have hooves in place of feet. [demonic ancestry]
  7868 | D:7      | Reached XP level 9. HP: 64/64 MP: 14/14
  7921 | D:7      | Reached skill level 8 in Invocations
  8460 | D:8      | Noticed a two-headed ogre
  8510 | D:8      | Killed a two-headed ogre
  8510 | D:8      | Reached skill level 9 in Invocations
  8892 | D:8      | Found a white marble altar of Elyvilon.
  8929 | D:8      | Found an iron altar of Okawaru.
  9178 | D:8      | Reached *** piety under Makhleb
  9514 | D:9      | Found a staircase to the Orcish Mines.
  9558 | D:9      | Noticed Grum
  9846 | D:8      | Killed Grum
  9846 | D:8      | Reached skill level 10 in Invocations
 10163 | D:9      | Reached XP level 10. HP: 46/70 MP: 17/17
 10295 | D:9      | Found a shimmering altar of Xom.
 10309 | D:9      | Noticed Joseph
 10325 | D:9      | Killed Joseph
 10381 | D:9      | Noticed a two-headed ogre
 10391 | D:9      | Noticed Gastronok
 10391 | D:9      | Killed a two-headed ogre
 10408 | D:9      | Killed Gastronok
 10408 | D:9      | Reached **** piety under Makhleb
 10408 | D:9      | Reached skill level 11 in Invocations
 10679 | D:9      | Noticed Erica
 10698 | D:9      | Killed Erica
 10698 | D:9      | Reached XP level 11. HP: 43/75 MP: 19/19
 10710 | D:9      | Reached skill level 12 in Invocations
 11138 | D:10     | Entered Level 10 of the Dungeon
 11160 | D:10     | Noticed koelner's ghost (novice DsVM)
 11219 | D:10     | Killed koelner's ghost
 11396 | D:10     | Noticed Nergalle
 11410 | D:10     | Killed Nergalle
 11561 | D:10     | Noticed an unseen horror
 11571 | D:10     | Killed an unseen horror
 11678 | D:10     | Noticed a death yak
 11678 | D:10     | Noticed a death yak
 11680 | D:10     | Noticed a death yak
 11680 | D:10     | Noticed a death yak
 11681 | D:10     | Noticed a death yak
 11681 | D:10     | Noticed a death yak
 11682 | D:10     | Noticed a death yak
 12202 | D:10     | Found a staircase to the Lair.
 12334 | Lair:1   | Entered Level 1 of the Lair of Beasts
 12899 | Lair:1   | Reached skill level 13 in Invocations
 12907 | Lair:1   | Noticed a five-headed hydra
 12913 | Lair:1   | Killed a five-headed hydra
 13182 | Lair:1   | Noticed Sonja
 14751 | Lair:2   | Reached skill level 10 in Armour
 14758 | Lair:2   | Reached skill level 10 in Axes
 15207 | Lair:2   | Found a staircase to the Swamp.
 15256 | Lair:2   | Reached XP level 12. HP: 15/81 MP: 22/22
 15488 | Lair:2   | Reached skill level 14 in Invocations
 16699 | Lair:4   | Found a hole to the Spider Nest.
 16910 | Lair:4   | Reached ***** piety under Makhleb
 17325 | Lair:5   | Noticed a death yak
 17325 | Lair:5   | Noticed a death yak
 17325 | Lair:5   | Noticed a death yak
 17325 | Lair:5   | Noticed a death yak
 17417 | Lair:5   | Noticed Rupert
 17428 | Lair:5   | Killed Rupert
 17428 | Lair:5   | Reached skill level 15 in Invocations
 17442 | Lair:5   | Learned a level 2 spell: Blink
 17464 | Lair:5   | Killed a death yak
 17467 | Lair:5   | Killed a death yak
 17480 | Lair:5   | Slain by a death yak

Skill      XL: |  1  2  3  4  5  6  7  8  9 10 11 12 |
---------------+-------------------------------------+-----
Dodging        | 1 2 |  2.0
Fighting       | 3 |  3.2
Armour         | 2 3 4 5 7 8 10 11 | 11.5
Axes           | 2 3 4 5 7 8 10 11 | 11.3
Invocations    | 2 4 6 7 10 11 13 15 | 15.1
Throwing       | |  1.3
Stealth        | |  1.0
Shields        | |  1.0
Unarmed Combat | |  1.7
Spellcasting   | |  2.0
Transmutations | |  1.0

Action                   |  1- 3 |  4- 6 |  7- 9 | 10-12 || total
-------------------------+-------+-------+-------+-------++-------
Melee: Dagger            |    18 |       |       |       ||    18
       Short sword       |   180 |       |       |       ||   180
       Broad axe         |    38 |   123 |       |   353 ||   514
       Kick              |    34 |    39 |   119 |   219 ||   411
       Punch             |     3 |     3 |     4 |     8 ||    18
       Trident           |     1 |       |       |       ||     1
       Mace              |       |   108 |   429 |   419 ||   956
 Fire: Blowgun           |     4 |     3 |    12 |    34 ||    53
Invok: Lesser Servant of |       |       |       |     3 ||     3
       Greater Servant o |       |       |       |     2 ||     2
Evoke: Wand              |       |       |     4 |    12 ||    16
  Use: Scroll            |     6 |     6 |    13 |     5 ||    30
       Potion            |       |     2 |     2 |     7 ||    11
 Stab: Sleeping          |     2 |       |       |       ||     2
       Distracted        |       |       |     2 |     9 ||    11
  Eat: Chunk             |     5 |     8 |    18 |    16 ||    47
       Fruit             |       |       |       |     5 ||     5
       Royal jelly       |       |       |       |     4 ||     4
Armor: Robe              |    47 |       |       |       ||    47
       Ring mail         |   110 |    19 |       |       ||   129
       Scale mail        |       |   139 |   362 |   780 ||  1281
       Skin              |       |       |       |     1 ||     1
Dodge: Dodged            |   194 |   168 |   305 |   653 ||  1320
